 Dungeon Crawl Stone Soup version 0.25.1-1-g288607f5aa (webtiles) character file.

Game seed: 9820632550316898720

6733 protoss039 the Eclecticist (level 10, -2/50 HPs)
             Began as a Deep Elf Air Elementalist on July 20, 2020.
             Was an Initiate of Sif Muna.
             Killed by their own static electricity (4 damage)
             ... on level 9 of the Dungeon.
             The game lasted 00:58:54 (13083 turns).

protoss039 the Eclecticist (DEAE)                  Turns: 13083, Time: 00:58:56

Health: -2/50      AC:  7    Str: 15    XL:     10   Next: 75%
Magic:  0/32       EV: 13    Int: 27    God:    Sif Muna [......]
Gold:   622        SH:  0    Dex: 11    Spells: 23/41 levels left

rFire    + . .     SeeInvis +   p - +6 spear of Parts Unknown {freeze, Str+6 Dex-4}
rCold    . . .     Gourm    .   (no shield)
rNeg     + . .     Faith    .   A - +1 robe "Pydwusub" {rF+ rN+ Str+4}
rPois    .         Spirit   .   z - +2 helmet {Int+3}
rElec    .         Reflect  .   (no cloak)
rCorr    .         Harm     .   w - +0 pair of gloves
MR       +....                  (no boots)
Stlth    +++.......             (no amulet)
HPRegen  0.16/turn              q - ring of see invisible
MPRegen  0.23/turn              l - ring of stealth

@: no status effects
A: no striking features
a: Renounce Religion


You were on level 9 of the Dungeon.
You worshipped Sif Muna.
Sif Muna was noncommittal.
You were hungry.

You visited 2 branches of the dungeon, and saw 11 of its levels.
You also visited: Bailey.

You collected 622 gold pieces.

Inventory:

Hand Weapons
 p - the +6 spear of Parts Unknown (weapon) {freeze, Str+6 Dex-4}
   (You found it on level 7 of the Dungeon)

   It has been specially enchanted to freeze those struck by it, causing extra
   injury to most foes and up to half again as much damage against particularly
   susceptible opponents.
   It can also slow down cold-blooded creatures.
   It affects your strength (+6).
   It affects your dexterity (-4).
Missiles
 d - 259 stones (quivered)
Armour
 w - a +0 pair of gloves (worn)
 z - a +2 helmet of intelligence (worn)
 A - the +1 robe "Pydwusub" (worn) {rF+ rN+ Str+4}
   (You found it on level 9 of the Dungeon)

   It affects your strength (+4).
   It protects you from fire.
   It protects you from negative energy.
Jewellery
 l - a ring of stealth (right hand)
 q - a ring of see invisible (left hand)
Wands
 a - a wand of polymorph (3)
Scrolls
 b - 3 scrolls of blinking
 e - 4 scrolls of remove curse
 k - 6 scrolls of teleportation
 m - 2 scrolls of amnesia
 o - 5 scrolls of enchant weapon {unknown}
 t - 2 scrolls of immolation
 y - a scroll of enchant armour
Potions
 f - 5 potions of haste
 h - 2 potions of invisibility {unknown}
 i - 2 potions of heal wounds
 j - 2 potions of mutation {unknown}
 n - 5 potions of flight
 r - 3 potions of resistance {unknown}
 s - 2 potions of curing
 v - a potion of ambrosia {unknown}
 x - a potion of brilliance {unknown}
Comestibles
 c - 19 rations
 g - 8 chunks of flesh


   Skills:
 - Level 3.0 Dodging
 - Level 3.0 Stealth
 + Level 16.4 Spellcasting
 * Level 4.1 Conjurations
 - Level 4.0 Hexes
 - Level 2.0 Charms
 + Level 8.1 Air Magic
 * Level 2.4 Invocations


You had 23 spell levels left.
You knew the following spells:

 Your Spells              Type           Power        Failure   Level  Hunger
a - Shock                 Conj/Air       ####         1%          1    None
b - Swiftness             Chrm/Air       #####...     1%          2    None
c - Static Discharge      Conj/Air       ######..     1%          3    None
d - Airstrike             Air            ######....   1%          4    None
e - Lightning Bolt        Conj/Air       ######....   4%          5    None
f - Tukima's Dance        Hex            #####...     1%          3    None

Your spell library contained the following spells:

 Spells                   Type           Power        Failure   Level  Hunger
 Corona                   Hex            #####..      1%          1    None
 Ensorcelled Hibernation  Hex/Ice        ####..       1%          2    None
 Confusing Touch          Hex            #####...     1%          3    None
 Dazzling Flash           Conj/Hex       #####.       1%          3    None


Dungeon Overview and Level Annotations

Branches:
Dungeon (10/15)            Temple (1/1) D:7          Bailey (visited)
   Lair: D:8-11         Orc: D:9-12

Altars:
Ashenzari
Cheibriados
Dithmenos
Elyvilon
Fedhas
Gozag
Hepliaklqana
Kikubaaqudgha
Makhleb
Nemelex Xobeh
Okawaru
Qazlal
Ru
Sif Muna
Trog
Uskayaw
Vehumet
Wu Jian
Xom
Yredelemnul
Zin
The Shining One
Jiyva


Message History

Press: ? - help, Shift-Dir - straight line, p - orc warrior The zap hits the orc warrior but does no damage.
The orc warrior is severely wounded.
The zap hits your +0 war axe.
Your +0 war axe completely resists.
The zap hits your +0 war axe.
Your +0 war axe completely resists.
The zap hits the orc warrior!
The orc warrior is almost dead.
The orc warrior hits you!
* * * LOW HITPOINT WARNING * * *
Unknown command.
Unknown command.
Casting: Shock (safe; 1% risk of failure)
Confirm with . or Enter, or press ? or * to list all spells.
The orc warrior is struck by an arc of lightning.
You kill the orc warrior!
Sif Muna accepts your kill.
You are struck by an arc of lightning.
You die...

#### ########### ...#
#############.........# ...####
#..........##.........#
......###...........#.........#
...##..##.......@[(.#.........#
>..###..'.....................#
.### ####..........##.........#
.# #########'###.........# ##
##.....# #.......(.## #
#..##### ##.#..._...# #### #.##
#.#....._.## ...####
####'###### #..........#
...'..###.......(>#
#.._..⌠....#


You could see a friendly +0 war axe.

Vanquished Creatures
  A two-headed ogre (D:9)
  4 orc knights (Bailey)
  A hornet (D:8)
  A hippogriff (D:8)
  A wyvern (D:9)
  Sigmund (D:5)
  3 orc warriors
  4 phantoms
  2 sky beasts
  7 ice beasts
  2 ogres (D:6)
  A wolf (D:10)
  Blork the orc (D:5)
  5 bullfrogs
  2 scorpions
  3 wights (D:7)
  A howler monkey (D:6)
  A crimson imp (D:7)
  2 centaur zombies
  A bullfrog skeleton (D:4)
  3 hounds
  2 jellies
  An orc priest (D:6)
  4 orc wizards
  Natasha (thrice) (D:4)
  A gnoll shaman (D:4)
  7 worker ants
  3 iguanas
  A statue (D:9)
  A howler monkey skeleton (D:6)
  3 gnolls (D:4)
  9 adders
  3 shadow imps
  3 adder skeletons
  3 worms
  4 dart slugs
  3 leopard geckos
  42 orcs
  A giant cockroach (D:3)
  7 goblins
  10 hobgoblins
  2 jackals (D:7)
  4 quokkas
  3 ball pythons
  6 bats
  5 frilled lizards
  A giant cockroach zombie (D:5)
  14 kobolds
  A leopard gecko skeleton (D:4)
  A leopard gecko zombie (D:5)
  2 quokka skeletons
  5 rats
202 creatures vanquished.

Vanquished Creatures (collateral kills)
  A two-headed ogre (D:8)
1 creature vanquished.

Vanquished Creatures (others)
  2 dancing weapons
2 creatures vanquished.

Grand Total: 205 creatures vanquished

Notes
Turn   | Place    | Note
-------+----------+-------------------------------------------
     0 | D:1      | protoss039 the Deep Elf Air Elementalist began the quest
                  | for the Orb.
     0 | D:1      | Reached XP level 1. HP: 10/10 MP: 6/6
   286 | D:1      | Reached XP level 2. HP: 15/15 MP: 4/8
   814 | D:1      | Reached XP level 3. HP: 19/19 MP: 8/10
  1488 | D:2      | Learned a level 2 spell: Swiftness
  1492 | D:2      | Learned a level 3 spell: Static Discharge
  1849 | D:2      | Reached skill level 4 in Spellcasting
  1849 | D:2      | Reached XP level 4. HP: 10/24 MP: 7/12
  2265 | D:3      | Learned a level 4 spell: Airstrike
  2338 | D:3      | Reached skill level 1 in Charms
  2848 | D:3      | Found an ancient bone altar of Kikubaaqudgha.
  3587 | D:4      | Reached XP level 5. HP: 28/28 MP: 8/13
  4015 | D:4      | Reached skill level 5 in Spellcasting
  4259 | D:4      | Reached XP level 6. HP: 32/32 MP: 5/15
  4371 | D:4      | Noticed Natasha
  4375 | D:4      | Killed Natasha
  4636 | D:4      | Noticed Natasha
  4640 | D:4      | Killed Natasha
  4721 | D:4      | Noticed Natasha
  4730 | D:4      | Killed Natasha
  5076 | D:5      | Entered Level 5 of the Dungeon
  5080 | D:5      | Reached skill level 6 in Spellcasting
  5522 | D:5      | Reached skill level 5 in Air Magic
  5522 | D:5      | Reached XP level 7. HP: 13/36 MP: 10/18
  5895 | D:5      | Noticed Sigmund
  5929 | D:5      | Killed Sigmund
  6179 | D:5      | Noticed Blork the orc
  6183 | D:5      | Killed Blork the orc
  6183 | D:5      | Reached skill level 7 in Spellcasting
  7040 | D:5      | Learned a level 5 spell: Lightning Bolt
  7184 | D:6      | Reached XP level 8. HP: 39/41 MP: 9/21
  7376 | D:6      | Reached skill level 8 in Spellcasting
  7728 | D:6      | Found a snail-covered altar of Cheibriados.
  8151 | D:6      | Reached skill level 9 in Spellcasting
  8496 | D:6      | Reached skill level 10 in Spellcasting
  8858 | D:7      | Found a glowing golden altar of the Shining One.
  9028 | D:7      | Got a transparent spear
  9029 | D:7      | Identified the +6 spear of Parts Unknown {freeze, Str+6
                  | Dex-4} (You found it on level 7 of the Dungeon)
  9182 | D:7      | Reached XP level 9. HP: 29/45 MP: 25/25
  9192 | D:7      | Learned a level 3 spell: Tukima's Dance
  9449 | D:7      | Reached skill level 11 in Spellcasting
  9449 | D:7      | Reached skill level 1 in Hexes
  9566 | D:7      | Found a staircase to the Ecumenical Temple.
  9947 | D:8      | Noticed a two-headed ogre
  9962 | D:8      | Killed a two-headed ogre
  9962 | D:8      | Reached skill level 12 in Spellcasting
 10169 | D:8      | Reached skill level 13 in Spellcasting
 10194 | D:8      | Found a flagged portal.
 10319 | Bailey   | Entered a bailey
 10412 | Bailey   | Noticed an orc knight
 10599 | Bailey   | Noticed an orc knight
 10599 | Bailey   | Noticed an orc knight
 10600 | Bailey   | Noticed an orc knight
 10610 | Bailey   | Killed an orc knight
 10763 | Bailey   | Killed an orc knight
 10763 | Bailey   | Reached skill level 14 in Spellcasting
 10763 | Bailey   | Reached XP level 10. HP: 27/50 MP: 4/30
 10924 | Bailey   | Killed an orc knight
 11127 | Bailey   | Killed an orc knight
 11127 | Bailey   | Reached skill level 15 in Spellcasting
 11512 | D:8      | Found a sacrificial altar of Ru.
 11573 | Temple   | Entered the Ecumenical Temple
 11706 | Temple   | Became a worshipper of Sif Muna the Loreminder
 12026 | D:9      | Reached skill level 1 in Invocations
 12162 | D:9      | Noticed a two-headed ogre
 12169 | D:9      | Killed a two-headed ogre
 12169 | D:9      | Reached skill level 16 in Spellcasting
 12411 | D:9      | Found an iron altar of Okawaru.
 12447 | D:9      | Found a shattered altar of Ashenzari.
 12447 | D:9      | Found a white marble altar of Elyvilon.
 12448 | D:9      | Found a stormy altar of Qazlal.
 12448 | D:9      | Found a hide-covered altar of Uskayaw.
 12578 | D:9      | Found a burning altar of Makhleb.
 12586 | D:9      | Found a bloodstained altar of Trog.
 12587 | D:9      | Found a glowing silver altar of Zin.
 12619 | D:9      | Found a radiant altar of Vehumet.
 12857 | D:9      | Got a creamy pearl robe
 12868 | D:9      | Identified the +1 robe "Pydwusub" {rF+ rN+ Str+4} (You
                  | found it on level 9 of the Dungeon)
 12991 | D:10     | Entered Level 10 of the Dungeon
 13082 | D:9      | HP: 2/50 [orc warrior (14)]
 13083 | D:9      | Killed from afar by themself

Illustrated notes

Levels and vault maps discovered:
D:1:      dpeg_arrival_round_a, layout_basic
D:2:      layout_loops_ring
D:3:      layout_basic, kiku_gazebo_pond_becter, first_ration
D:4:      layout_rooms, uniq_natasha
D:5:      layout_loops_ring, uniq_sigmund, uniq_blork_the_orc
D:6:      layout_basic, marbit_many_paths
D:7:      layout_gridville, overflow_temple_1_default, temple_statues
D:8:      layout_cave_pools, lemuel_round_altar, enter_bailey_2
D:9:      layout_roguey, vehumet_statue, grunt_temple_overflow_open, minitemple
D:10:     layout_irregular_city, erik_lair_island, hiddenorc2_lemuel,
          serial_shops, shop, basic_altar, uniq_joseph
Temple:   pf_slime_end_temple

Skill      XL: |  1  2  3  4  5  6  7  8  9 10 |
---------------+-------------------------------+-----
Dodging        | 3 |  3.0
Spellcasting   | 4 5 6 7 10 14 16 | 16.4
Conjurations   | 2 3 4 |  4.1
Stealth        | 3 |  3.0
Charms         | 1 2 |  2.0
Air Magic      | 4 5 6 8 |  8.1
Hexes          | 4 |  4.0
Invocations    | 2 |  2.4

Action                   |  1- 3 |  4- 6 |  7- 9 | 10-12 || total
-------------------------+-------+-------+-------+-------++-------
Melee: Dagger            |     4 |    18 |       |       ||    22
       Scythe            |       |       |    36 |       ||    36
       Spear             |       |       |    16 |     8 ||    24
 Cast: Shock             |    83 |   106 |    50 |    19 ||   258
       Static Discharge  |       |    24 |    20 |     8 ||    52
       Airstrike         |       |       |    66 |    52 ||   118
       Tukima's Dance    |       |       |     5 |     4 ||     9
       Swiftness         |       |       |     1 |       ||     1
       Lightning Bolt    |       |       |       |     1 ||     1
  Use: Scroll            |     1 |     4 |     2 |     1 ||     8
       Potion            |       |     3 |     2 |     1 ||     6
 Stab: Sleeping          |     1 |     2 |     5 |       ||     8
  Eat: Chunk             |     3 |    11 |    15 |     3 ||    32
       Ration            |       |       |     1 |     1 ||     2
Armor: Robe              |     4 |     4 |    16 |     2 ||    26
Dodge: Dodged            |    10 |    33 |    44 |    13 ||   100
